 Dungeon Crawl Stone Soup version 0.28-a0-589-g333b8329f1 (webtiles) character file.

Game seed: 8545433146209891920

13292 Heedrag the Frost Mage (level 11, -6/86 HPs)
             Began as a Demonspawn Ice Elementalist on Oct 3, 2021.
             Was a Believer of Vehumet.
             Mangled by a four-headed hydra (9 damage)
             ... on level 1 of the Lair of Beasts.
             The game lasted 00:24:52 (15123 turns).

Heedrag the Frost Mage (DsIE)                      Turns: 15123, Time: 00:24:52

Health: -6/86      AC: 16    Str:  8    XL:     11   Next: 73%
Magic:  19/21      EV: 15    Int: 25    God:    Vehumet [**....]
Gold:   748        SH:  0    Dex: 15    Spells: 5/24 levels left

rFire   . . .      SeeInvis .   B - +9 hand axe of Bloodstone {vorpal, Int+6}
rCold   . . .      Faith    .   (no shield)
rNeg    . . .      Spirit   .   L - +0 steam dragon scales
rPois   +          Reflect  .   (helmet unavailable)
rElec   .          Harm     .   (no cloak)
rCorr   .          Rampage  .   p - +0 pair of gloves
Will    .....                   (no boots)
Stlth   ++++......              e - amulet of magic regeneration
HPRegen 0.24/turn               M - ring of poison resistance
MPRegen 0.42/turn               u - ring of wizardry

@: ice-armoured, freezing walls
A: horns 3, rugged brown scales 1, powered by pain 1, spiny 2
a: Renounce Religion


You were on level 1 of the Lair of Beasts.
You worshipped Vehumet.
Vehumet was pleased with you.
You visited 3 branches of the dungeon, and saw 13 of its levels.

You collected 748 gold pieces.

Inventory:

Hand Weapons
 b - a +0 short sword
   (You found it on level 1 of the Dungeon)
 B - the +9 hand axe of Bloodstone (weapon) {vorpal, Int+6}
   (You found it on level 6 of the Dungeon)

   It inflicts extra damage upon your enemies.
   Int:       It affects your intelligence (+6).
Missiles
 g - 2 throwing nets {!f}
 q - 24 poisoned darts
 r - 2 curare-tipped darts {!f}
Armour
 a - a +0 robe
 p - a +0 pair of gloves (worn)
   (You found it on level 4 of the Dungeon)
 L - +0 steam dragon scales (worn)
   (You found it on level 9 of the Dungeon)
Magical Staves
 J - a staff of death
   (You found it on level 9 of the Dungeon)
 N - a staff of fire
   (You found it on level 10 of the Dungeon)
Jewellery
 e - an amulet of magic regeneration (around neck)
   (You found it on level 2 of the Dungeon)
 i - a ring of protection from fire
   (You found it on level 9 of the Dungeon)
 j - a ring of ice
   (You found it on level 3 of the Dungeon)
 l - a ring of willpower
   (You found it on level 4 of the Dungeon)
 u - a ring of wizardry (right hand)
   (You found it on level 5 of the Dungeon)
 M - a ring of poison resistance (left hand)
   (You found it on level 10 of the Dungeon)
Wands
 v - a wand of digging (1)
   (You took it off an orc on level 11 of the Dungeon)
 x - a wand of acid (7)
   (You found it on level 5 of the Dungeon)
 F - a wand of polymorph (26)
   (You found it on level 3 of the Dungeon)
 P - a wand of charming (10)
   (You found it on level 5 of the Dungeon)
Scrolls
 c - 3 scrolls of fear {unknown}
 d - 2 scrolls of fog {unknown}
 h - a scroll of blinking {unknown}
 o - 2 scrolls of magic mapping {unknown}
 t - 6 scrolls of identify {unknown}
 y - 3 scrolls of teleportation {unknown}
 D - a scroll of summoning {unknown}
 G - 2 scrolls of enchant weapon {unknown}
 H - a scroll of immolation {unknown}
 I - a scroll of vulnerability {unknown}
 O - a scroll of acquirement {unknown}
 Q - 2 scrolls of noise {unknown}
 R - a scroll of enchant armour {unknown}
Potions
 f - 3 potions of lignification {unknown}
 k - 3 potions of curing {unknown}
 m - 4 potions of brilliance {unknown}
 n - 4 potions of degeneration {unknown}
 s - a potion of flight {unknown}
 w - a potion of might {unknown}
 z - 3 potions of attraction {unknown}
 A - a potion of berserk rage {unknown}
 C - a potion of ambrosia {unknown}
 E - a potion of invisibility {unknown}
 K - a potion of haste {@q3}


   Skills:
 * Level 7.6 Fighting
 - Level 7.0 Dodging
 - Level 7.1 Stealth
 + Level 7.1 Spellcasting
 + Level 4.0 Conjurations
 * Level 10.5 Ice Magic
 + Level 3.6 Air Magic


You had 5 spell levels left.
You knew the following spells:

 Your Spells              Type           Power      Damage    Failure   Level
a - Freeze                Ice            100%       1d11      1%          1
b - Frozen Ramparts       Ice            100%       1d12      1%          3
c - Ozocubu's Armour      Ice            57%        N/A       1%          3
d - Hailstorm             Conj/Ice       45%        3d10      1%          4
e - Freezing Cloud        Conj/Ice/Air   19%        6-21      6%          5
s - Swiftness             Air            26%        N/A       1%          3

Your spell library contained the following spells:

 Spells                   Type           Power      Damage    Failure   Level
 Static Discharge         Conj/Air       28%        N/A       1%          2
 Foxfire                  Conj/Fire      76%        2x1d7     1%          1
 Shock                    Conj/Air       100%       1d9       1%          1
 Ensorcelled Hibernation  Hex/Ice        70%        N/A       1%          2
 Apportation              Tloc           16%        N/A       2%          1
 Mephitic Cloud           Conj/Pois/Air  21%        N/A       2%          3
 Conjure Flame            Conj/Fire      19%        6-21      3%          3
 Airstrike                Air            13%        N/A       6%          4
 Gell's Gravitas          Tloc           4%         N/A       9%          3
 Ignite Poison            Fire/Tmut/Pois 8%         N/A       9%          3
 Inner Flame              Hex/Fire       8%         N/A       9%          3
 Portal Projectile        Hex/Tloc       16%        N/A       9%          3
 Spider Form              Tmut/Pois      4%         N/A       9%          3
 Teleport Other           Tloc           8%         N/A       9%          3
 Flame Wave               Conj/Fire      19%        3d5       12%         4
 Animate Armour           Summ/Erth      16%        N/A       26%         4
 Passage of Golubria      Tloc           N/A        N/A       26%         4
 Silence                  Hex/Air        8%         N/A       32%         5
 Alistair's Intoxication  Tmut/Pois      5%         N/A       56%         5
 Blade Hands              Tmut           4%         N/A       56%         5
 Excruciating Wounds      Necr           4%         N/A       56%         5
 Iron Shot                Conj/Erth      9%         9d3       85%         6
 Dispersal                Tloc           4%         N/A       98%         6
 Invisibility             Hex            4%         N/A       98%         6
 Lehudib's Crystal Spear  Conj/Erth      9%         10d4      100%        8


Dungeon Overview and Level Annotations

Branches:
Dungeon (11/15)            Temple (1/1) D:4            Lair (1/6) D:11
    Orc (0/2) D:11

Altars:
Ashenzari
Cheibriados
Dithmenos
Elyvilon
Fedhas
Gozag
Hepliaklqana
Kikubaaqudgha
Makhleb
Nemelex Xobeh
Okawaru
Qazlal
Ru
Sif Muna
Trog
Uskayaw
Vehumet
Wu Jian
Xom
Yredelemnul
Zin
The Shining One

Shops:
D:1 ?   D:7 *


Innate Abilities, Weirdness & Mutations

You have a pair of large horns on your head.
You are partially covered in rugged brown scales. (AC +1, +3% HP)
You sometimes gain a little power by taking damage.
You are mostly covered in sharp spines.


Message History

Okay, then.
The walls around you are covered in ice.
The wall freezes the four-headed hydra.
The four-headed hydra bites you. The four-headed hydra bites you!
The four-headed hydra closely misses you.
The four-headed hydra bites you! A film of ice covers your body!
The wall freezes the cane toad.
The cane toad seems to slow down.
The wall freezes the four-headed hydra.
The four-headed hydra bites you. x2; The four-headed hydra bites you!
The four-headed hydra barely misses you.
Aim: a four-headed hydra (lightly wounded)
You freeze the four-headed hydra!
The wall freezes the cane toad.
The cane toad seems to slow down.
The wall freezes the four-headed hydra.
The four-headed hydra bites you!
* * * LOW HITPOINT WARNING * * *
You focus on the pain.
You feel your power returning.
The four-headed hydra barely misses you.
The four-headed hydra bites you but does no damage.
The four-headed hydra bites you!
* * * LOW HITPOINT WARNING * * *
Aim: a four-headed hydra (moderately wounded)
You freeze the four-headed hydra.
The four-headed hydra seems to slow down.
The cane toad completely misses you.
Unknown command.
Unknown command.
Aim: a four-headed hydra (moderately wounded, slow)
You freeze the four-headed hydra!
The four-headed hydra seems to slow down.
The wall freezes the four-headed hydra!
The four-headed hydra seems to slow down.
The four-headed hydra misses you.
The four-headed hydra closely misses you. x2
The four-headed hydra bites you but does no damage.
The cane toad is struck by your spines.
The cane toad stings you but does no damage.
Unknown command.
Aim: a four-headed hydra (severely wounded, slow)
You freeze the four-headed hydra.
The four-headed hydra seems to slow down.
The wall freezes the four-headed hydra!
The four-headed hydra is struck by your spines.
The four-headed hydra bites you!
* * * LOW HITPOINT WARNING * * *
The four-headed hydra bites you!
* * * LOW HITPOINT WARNING * * *
The four-headed hydra bites you.
* * * LOW HITPOINT WARNING * * *
The four-headed hydra bites you!
You die...

##..+...........###'###
#..#.......P..####.#
#........>.P..#P.#.#####
#...###+.P.P.(..........
#.......................
#.......................
##.......................
#......F........>........
#......D@........####.##.
##.##..##+#.#....# ## .
#..#........#....#
##..........#
#.#........# #.#........#
#............
#.#...........
#..........#..


You could see a four-headed hydra (slow) and a cane toad (slow).

Vanquished Creatures
  2 two-headed ogres (D:10)
  Urug (D:10)
  A cyclops (D:11)
  A manticore (D:9)
  Joseph (D:7)
  8 centaur zombies
  An unseen horror (D:11)
  A cane toad (Lair:1)
  A komodo dragon (D:10)
  A wraith (D:11)
  A shadow (D:11)
  13 yaks
  2 steam dragons
  Grum (D:9)
  6 vampire mosquitoes
  2 water moccasins
  6 orc warriors
  3 ice beasts
  A necrophage (D:6)
  A black bear (D:7)
  4 wolves (D:9)
  4 ogres
  5 centaurs
  4 kobold brigands
  2 gnoll sergeants
  4 scorpions
  A wyvern zombie (D:7)
  A bullfrog (D:7)
  A water moccasin zombie (D:5)
  3 water moccasin skeletons
  15 killer bees
  3 wights (D:7)
  A bullfrog zombie (D:7)
  3 howler monkeys (D:8)
  3 hounds
  A centaur skeleton (D:7)
  A jelly (D:7)
  6 orc priests
  Jessica (D:2)
  Terence (D:2)
  10 orc wizards
  A hound skeleton (D:5)
  A hound zombie (D:5)
  A howler monkey skeleton (D:5)
  A howler monkey zombie (D:5)
  14 gnolls
  8 adders
  A white imp (D:6)
  An adder skeleton (D:4)
  4 worms
  2 dart slugs (D:1)
  45 orcs
  6 ball pythons
  9 endoplasms
  6 giant cockroaches
  4 goblins
  8 hobgoblins
  3 jackals (D:2)
  7 quokkas
  5 bats
  4 frilled lizards
  17 kobolds
  A quokka skeleton (D:4)
  7 rats
284 creatures vanquished.

Notes
Turn   | Place    | Note
-------+----------+-------------------------------------------
     0 | D:1      | Heedrag the Demonspawn Ice Elementalist began the quest for
                  | the Orb.
     0 | D:1      | Reached XP level 1. HP: 13/13 MP: 3/3
   336 | D:1      | Found Liwiet's Magic Scroll Emporium.
   339 | D:1      | Gained mutation: You have a pair of small horns on your
                  | head. [demonic ancestry]
   339 | D:1      | Reached XP level 2. HP: 16/20 MP: 3/5
   830 | D:1      | Found a faded altar of an unknown god.
  1170 | D:1      | Gained mutation: You are partially covered in sharp spines.
                  | [demonic ancestry]
  1170 | D:1      | Reached XP level 3. HP: 23/25 MP: 6/6
  1319 | D:1      | Reached skill level 1 in Fighting
  1619 | D:2      | Reached skill level 4 in Ice Magic
  1623 | D:2      | Learned a level 3 spell: Frozen Ramparts
  2006 | D:2      | Gained mutation: You are mostly covered in sharp spines.
                  | [demonic ancestry]
  2006 | D:2      | Reached XP level 4. HP: 28/32 MP: 3/7
  2196 | D:2      | Learned a level 3 spell: Ozocubu's Armour
  2221 | D:2      | Noticed Jessica
  2239 | D:2      | Killed Jessica
  2449 | D:2      | Noticed Terence
  2463 | D:2      | Killed Terence
  2529 | D:2      | Reached XP level 5. HP: 35/37 MP: 4/8
  2975 | D:3      | Noticed a water moccasin
  2985 | D:3      | Killed a water moccasin
  3020 | D:3      | Reached XP level 6. HP: 40/44 MP: 10/10
  3380 | D:3      | Reached skill level 5 in Ice Magic
  4482 | D:4      | Gained mutation: You have a pair of horns on your head.
                  | [demonic ancestry]
  4482 | D:4      | Reached XP level 7. HP: 28/51 MP: 5/12
  4797 | D:4      | Found a shimmering blue altar of Sif Muna.
  5227 | D:4      | Found a staircase to the Ecumenical Temple.
  5318 | Temple   | Entered the Ecumenical Temple
  5364 | D:5      | Entered Level 5 of the Dungeon
  5373 | D:5      | Reached skill level 6 in Ice Magic
  5409 | D:5      | Gained mutation: You sometimes gain a little power by
                  | taking damage. [demonic ancestry]
  5409 | D:5      | Reached XP level 8. HP: 41/58 MP: 4/13
  5876 | D:5      | Learned a level 4 spell: Hailstorm
  6933 | D:6      | Reached skill level 7 in Ice Magic
  6934 | D:6      | Gained mutation: You are partially covered in rugged brown
                  | scales. (AC +1, +3% HP) [demonic ancestry]
  6934 | D:6      | Reached XP level 9. HP: 12/67 MP: 6/16
  6937 | D:6      | Reached skill level 5 in Stealth
  7317 | D:6      | Reached skill level 5 in Spellcasting
  7433 | D:6      | Reached skill level 5 in Fighting
  7433 | D:6      | Reached skill level 5 in Dodging
  7560 | D:6      | Reached skill level 8 in Ice Magic
  7604 | D:6      | Identified the +9 hand axe of Bloodstone {vorpal, Int+6}
  7939 | D:7      | Found Ihuisigu's General Store.
  9151 | D:7      | Noticed Joseph
  9165 | D:7      | Killed Joseph
  9166 | D:7      | Gained mutation: You have a pair of large horns on your
                  | head. [demonic ancestry]
  9166 | D:7      | Reached XP level 10. HP: 39/78 MP: 8/18
  9884 | D:8      | Learned a level 5 spell: Freezing Cloud
 10437 | D:8      | Found an opulent altar of Gozag.
 10439 | D:8      | Found a radiant altar of Vehumet.
 10439 | D:8      | Found a hazy altar of Hepliaklqana.
 10439 | D:8      | Found a sacrificial altar of Ru.
 10445 | D:8      | Found a stormy altar of Qazlal.
 10445 | D:8      | Found an iron altar of Okawaru.
 10520 | D:8      | Reached skill level 9 in Ice Magic
 10754 | D:9      | Noticed a manticore
 10759 | D:9      | Killed a manticore
 10810 | D:9      | Reached skill level 1 in Conjurations
 10810 | D:9      | Reached skill level 1 in Air Magic
 11200 | D:9      | Noticed Grum
 11206 | D:9      | Killed Grum
 11524 | D:8      | Became a worshipper of Vehumet
 12224 | D:10     | Entered Level 10 of the Dungeon
 12242 | D:10     | Noticed a two-headed ogre
 12247 | D:10     | Killed a two-headed ogre
 12387 | D:10     | Reached XP level 11. HP: 85/85 MP: 6/20
 12512 | D:10     | Reached * piety under Vehumet
 12512 | D:10     | Offered knowledge of Sandblast by Vehumet.
 12992 | D:10     | Noticed Urug
 13000 | D:10     | Killed Urug
 13257 | D:10     | Noticed a two-headed ogre
 13269 | D:10     | Killed a two-headed ogre
 13270 | D:10     | Reached skill level 10 in Ice Magic
 13515 | D:11     | Found a hide-covered altar of Uskayaw.
 13532 | D:11     | Noticed a +0 hand axe
 13532 | D:11     | Noticed a +0 dagger
 14013 | D:11     | Found a staircase to the Orcish Mines.
 14026 | D:11     | Reached ** piety under Vehumet
 14045 | D:11     | Offered knowledge of Static Discharge by Vehumet.
 14497 | D:11     | Noticed a two-headed ogre
 14921 | D:11     | Found a staircase to the Lair.
 15021 | D:11     | Learned a level 3 spell: Swiftness
 15060 | Lair:1   | Entered Level 1 of the Lair of Beasts
 15111 | Lair:1   | Noticed a four-headed hydra
 15123 | Lair:1   | HP: 3/86 [four-headed hydra (5)]
 15123 | Lair:1   | Mangled by a four-headed hydra

Illustrated notes

Levels and vault maps discovered:
D:1:      wander_arrival_abandoned_jail, layout_loops_ring,
          shapermc_ecumenical_altar_mp_vishouse, serial_shops, shop
D:2:      layout_basic, serial_forest, infiniplex_forest_clump_double,
          infiniplex_forest_clump_C, infiniplex_forest_zigzag_1,
          infiniplex_forest_straight_3, infiniplex_forest_fountain,
          infiniplex_forest_lined_ring, infiniplex_forest_end_2, uniq_terence,
          uniq_jessica
D:3:      cheibrodos_thug_alley, layout_loops_ring, minmay_quantized
D:4:      layout_rooms, general_overflow_altar, temple_doors_ab
D:5:      layout_loops_ring
D:6:      layout_basic
D:7:      layout_layer_cave, serial_shops, shop, uniq_joseph
D:8:      layout_loops_corners, minmay_overflow_temple_hex
D:9:      layout_basic, uniq_grum
D:10:     layout_basic, uniq_urug
D:11:     layout_big_octagon, lair_entry_dummy, hiddenorc2_lemuel,
          dancing_weapons_uskayaw
Temple:   minmay_freezing_vapour_temple
Lair:1:   layout_regular_city

Skill      XL: |  1  2  3  4  5  6  7  8  9 10 11 |
---------------+----------------------------------+-----
Stealth        | 2 3 4 6 7 |  7.1
Dodging        | 2 3 4 5 6 7 |  7.0
Fighting       | 1 2 3 4 5 6 7 |  7.6
Ice Magic      | 4 5 6 7 8 9 10 | 10.5
Spellcasting   | 3 4 5 6 7 |  7.1
Conjurations   | 2 4 |  4.0
Air Magic      | 2 3 |  3.6

Action                   |  1- 3 |  4- 6 |  7- 9 | 10-12 || total
-------------------------+-------+-------+-------+-------++-------
Melee: Unarmed           |    29 |       |       |       ||    29
       Short sword       |    40 |    42 |   111 |       ||   193
       Headbutt          |     7 |    11 |    20 |    13 ||    51
       Hand axe          |       |       |    40 |   106 ||   146
 Cast: Freeze            |    35 |     4 |    18 |     7 ||    64
       Frozen Ramparts   |     2 |    18 |    27 |    21 ||    68
       Ozocubu's Armour  |       |     3 |    18 |     8 ||    29
       Freezing Cloud    |       |       |       |    24 ||    24
 Stab: Sleeping          |     5 |     1 |    10 |     2 ||    18
       Distracted        |       |       |     1 |       ||     1
Armor: Robe              |    19 |     4 |    52 |    15 ||    90
       Steam dragon scal |       |       |       |    64 ||    64
Dodge: Dodged            |    64 |    27 |   142 |   146 ||   379

Table legend: (Time is in decaauts)
 A = Elapsed time spent in this place.
 B = Non-inter-level travel time spent in this place.
 C = Inter-level travel time spent in this place.
 D = Time resting spent in this place.
 E = Time spent auto-exploring this place.
 F = Levels seen in this place.
 G = Mean time per level.
                   A        B        C        D        E       F      G
               +--------+--------+--------+--------+--------+-----+--------+
         Total |  15207 |  14544 |    663 |   1405 |  10962 |  13 | 1169.8 |
       Dungeon |  15128 |  14481 |    647 |   1405 |  10918 |  11 | 1375.3 |
        Temple |     15 |      1 |     14 |      0 |      0 |   1 |   15.0 |
          Lair |     63 |     63 |      0 |      0 |     44 |   1 |   63.0 |
               +--------+--------+--------+--------+--------+-----+--------+

Top non-repeatable levels by time:
     D:7: 2172 daAuts
    D:10: 1767 daAuts
     D:3: 1663 daAuts
     D:1: 1554 daAuts
     D:8: 1464 daAuts
     D:2: 1321 daAuts
     D:6: 1271 daAuts
     D:5: 1155 daAuts
    D:11: 1104 daAuts
     D:4: 830 daAuts
     D:9: 822 daAuts
  Lair:1: 63 daAuts
  Temple: 15 daAuts
